AoeStats
← 熱心牛牛

Black Forest

509624804Analyzed
4v4 RM · 3d ago on Sep 27, 2026· 9m 39s· 8 players
Game mode
Random Map
Map size
Large (8 player)
Population
200
Speed
Normal
Resources
Standard
Victory
Conquest
Starting age
Dark Age
Ending age
Imperial Age
RankedLock teamsTeams togetherTeam positionsShared explorationLock speedFull tech treeHidden civsTurbo modeCheats
Victory
Defeat
🇹🇼 Aztecs · Taiwan
1302
+11
🇹🇼 Persians · Taiwan
1293
+11
1166
+16
🇹🇼 Spanish · Taiwan
1135
+18
🇭🇰 Bohemians · Hong Kong SAR China
1222
-16
🇷🇺 Slavs · Russia
1201
-15
🇨🇳 Franks · China
1158
-13
🇷🇪 Bengalis · Réunion
1130
-12
Sega Mega Drive
1:02 Loom
YYS
11:04 Feudal Age
raphael-974-
3:05 Loom
1903662431
3:11 Loom
7:44 Loom
10:24 Feudal Age
屁屁寶寶
熱心牛牛
6:09 Loom
11:04 Feudal Age
友善牛牛
1:48 Loom
被資工砍殺的0.5+村民
0:27 Loom
Connection lost

Rejoining the realm…

Still unreachable

The connection could not be restored.

Session expired

The server has moved on; the page needs a fresh start.